 Dungeon Crawl Stone Soup version 0.31-a0-981-geadf994542 (webtiles) character file.

Game seed: 1129814970431836088

247 gelatine the Ruffian (level 5, 0/38 HPs)
             Began as a Demonspawn Shapeshifter on Oct 31, 2023.
             Slain by a black bear (4 damage)
             ... on level 4 of the Dungeon.
             The game lasted 00:07:48 (2866 turns).

gelatine the Ruffian (Demonspawn Shapeshifter)      Turns: 2866, Time: 00:07:48

Health: 0/38       AC:  7    Str: 16    XL:     5   Next: 85%
Magic:  5/5        EV: 11    Int: 12    God:
Gold:   88         SH:  4    Dex: 12    Spells: 4/4 levels left

rFire   . .          .
                       - Unarmed
rCold   . . .        j - +0 buckler "Sudut" {rPois rN+ SInv}
rNeg    + . .        n - +0 ring mail
rPois   +            (helmet currently unavailable)
rElec   .            (cloak currently unavailable)
rCorr   .            (gloves currently unavailable)
SInv    +            (boots currently unavailable)
Will    .....        (no amulet)
Stlth   +            (no ring)
HPRegen 0.26/turn    (no ring)
MPRegen 0.09/turn

%: no passive effects
@: beast-form
A: beast (slay +2), antennae 1, slimy green scales 1, foul stench 1
a: Begin Untransformation


You were on level 4 of the Dungeon.
You were a hulking beast.
You visited 1 branch of the dungeon, and saw 4 of its levels.

You collected 88 gold pieces.

Inventory:

Missiles
 m - a poisoned dart (quivered)
 y - 22 stones
Armour
 a - a +0 animal skin
 j - the +0 buckler "Sudut" (worn) {rPois rN+ SInv}
   (You found it on level 2 of the Dungeon)

   rPois:     It protects you from poison rN+: It protects you from negative
   energy.
   SInv:      It lets you see invisible.
 n - a +0 ring mail (worn)
 q - a +0 pair of boots
 r - a +0 chain mail
 s - a +0 leather armour
 t - a +0 cloak
 u - a +0 scale mail
 w - a +0 plate armour
Jewellery
 f - a ring of ice
Talismans
 c - a beast talisman
 d - a flux talisman
 l - a granite talisman
Scrolls
 e - 3 scrolls of fear {unknown}
 g - 3 scrolls of revelation {unknown}
 h - 3 scrolls of identify {unknown}
 i - a scroll of vulnerability {unknown}
 k - 2 scrolls of teleportation {unknown}
 o - a scroll of acquirement {unknown}
 p - a scroll of poison {unknown}
Potions
 b - 2 potions of lignification
 v - a potion of degeneration {unknown}
 x - a potion of curing
 z - a potion of magic {unknown}
 A - a potion of might {unknown}


   Skills:
 * Level 1.8 Fighting
 + Level 0.2 Throwing
 + Level 1.0 Armour
 + Level 2.7 Dodging
 + Level 0.1 Stealth
 * Level 0.7 Shields
 * Level 4.2 Unarmed Combat
 * Level 3.6 Shapeshifting


You had 4 spell levels left.
You didn't know any spells.
Your spell library contained the following spells:

 Spells                   Type           Power      Damage    Failure   Level
 Freeze                   Ice            0%         1d3       63%         1
 Frozen Ramparts          Ice            0%         1d1       94%         3
 Hailstorm                Conj/Ice       0%         3d3       94%         3


Dungeon Overview and Level Annotations

Branches:
Dungeon (4/15)
 Temple: D:4-7

Altars:
Wu Jian


Innate Abilities, Weirdness & Mutations

You are a hulking beast.
Your limbs bulge with bestial killing power. (Slay +2)
You have a pair of small antennae on your head.
You are partially covered in slimy green scales. (AC +2)
You may rarely emit foul miasma when damaged in melee.


Message History

The black bear is moderately wounded.
The black bear bites you but does no damage.
The black bear barely misses you. The black bear claws you.
You hit the black bear.
The black bear is moderately wounded.
You block the black bear's attack. The black bear barely misses you.
The black bear claws you.
You barely miss the black bear.
The black bear is moderately wounded.
The black bear looks more healthy.
The black bear bites you. The black bear claws you. x2
You barely miss the black bear.
The black bear is heavily wounded.
The black bear barely misses you. The black bear misses you.
The black bear claws you but does no damage.
You hit the black bear.
The black bear is severely wounded.
You hit the black bear.
The black bear is severely wounded.
The black bear bites you. The black bear claws you. x2
You barely miss the black bear.
The black bear is severely wounded.
The black bear goes berserk!
You hit the black bear.
The black bear is severely wounded.
The black bear barely misses you. x2; The black bear claws you.
The black bear bites you.
* * * LOW HITPOINT WARNING * * *
The black bear claws you but does no damage.
The black bear closely misses you.
You hit the black bear.
The black bear is almost dead.
The black bear closely misses you. The black bear barely misses you.
The black bear claws you.
* * * LOW HITPOINT WARNING * * *
Unknown command.
You closely miss the black bear.
The black bear is severely wounded.
The black bear bites you.
You die...

##...## #.## ##.....##
### #.## ##.......##
##.###.##
#.........####...##.##
+.........'....%...<..
#.........####...<).##
#.......## ##....###
##.....## ###.## #
##.h.## #.# .......h##
#.# .#####..# #.# #..#
#.# #.(# .... #....
.....


You could see a black bear (berserk).

Vanquished Creatures
  A scorpion (D:4)
  An orc priest (D:3)
  Jessica (D:2)
  An orc wizard (D:3)
  A gnoll (D:1)
  4 adders
  A worm (D:2)
  7 orcs
  9 endoplasms
  2 giant cockroaches
  4 goblins
  5 hobgoblins
  2 jackals (D:2)
  2 quokkas
  4 ball pythons
  4 bats
  A frilled lizard (D:3)
  6 kobolds
  2 rats
58 creatures vanquished.

Notes
Turn   | Place    | Note
-------+----------+-------------------------------------------
     0 | D:1      | gelatine the Demonspawn Shapeshifter began the quest for
                  | the Orb.
     0 | D:1      | Reached XP level 1. HP: 15/15 MP: 1/1
   131 | D:1      | Reached skill level 3 in Unarmed Combat
   131 | D:1      | Gained mutation: You may rarely emit foul miasma when
                  | damaged in melee. [demonic ancestry]
   131 | D:1      | Reached XP level 2. HP: 6/21 MP: 2/2
   333 | D:1      | Found a faded altar of an unknown god.
   836 | D:2      | Gained mutation: You have a pair of small antennae on your
                  | head. [demonic ancestry]
   836 | D:2      | Reached XP level 3. HP: 15/26 MP: 3/3
  1004 | D:2      | Found an ornate altar of the Wu Jian Council.
  1049 | D:2      | Noticed Jessica
  1092 | D:2      | Killed Jessica
  1093 | D:2      | Gained mutation: You are partially covered in slimy green
                  | scales. (AC +2) [demonic ancestry]
  1093 | D:2      | Reached XP level 4. HP: 18/32 MP: 4/4
  1245 | D:2      | Identified the +0 buckler "Sudut" {rPois rN+ SInv}
  2095 | D:3      | Reached XP level 5. HP: 22/37 MP: 5/5
  2542 | D:4      | Reached skill level 1 in Armour
  2542 | D:4      | Reached skill level 4 in Unarmed Combat
  2852 | D:4      | Noticed a black bear
  2866 | D:4      | Slain by a black bear

Illustrated notes

Levels and vault maps discovered:
D:1:      lightli_arrival_lavapool, layout_loops_ring,
          ebering_ecumenical_altar_petrified
D:2:      layout_basic, basic_altar, uniq_jessica
D:3:      layout_rooms
D:4:      layout_loops_corners

Skill      XL: |  1  2  3  4  5 |
---------------+----------------+-----
Unarmed Combat | 3 4 |  4.2
Shapeshifting  | 3 |  3.6
Dodging        | 2 |  2.7
Armour         | 1 |  1.0
Fighting       | |  1.8
Throwing       | |  0.2
Stealth        | |  0.1
Shields        | |  0.7

Action                     |  1- 3 |  4- 6 || total
---------------------------+-------+-------++-------
  Melee: Unarmed           |   108 |   111 ||   219
         Punch             |     3 |     1 ||     4
  Throw: Stone             |    18 |       ||    18
         Dart              |     2 |     3 ||     5
    Use: Potion            |     2 |       ||     2
 Armour: Animal skin       |    24 |       ||    24
         Ring mail         |    41 |    75 ||   116
  Dodge: Dodged            |    50 |    69 ||   119
  Block: Buckler           |       |    19 ||    19

Table legend: (Time is in decaauts)
 A = Elapsed time spent in this place.
 B = Non-inter-level travel time spent in this place.
 C = Inter-level travel time spent in this place.
 D = Time resting spent in this place.
 E = Time spent auto-exploring this place.
 F = Levels seen in this place.
 G = Mean time per level.
                   A        B        C        D        E       F      G
               +--------+--------+--------+--------+--------+-----+--------+
         Total |   2857 |   2741 |    116 |      0 |   2122 |   4 |  714.2 |
       Dungeon |   2857 |   2741 |    116 |      0 |   2122 |   4 |  714.2 |
               +--------+--------+--------+--------+--------+-----+--------+

Top non-repeatable levels by time:
     D:2: 1133 daAuts
     D:1: 763 daAuts
     D:3: 622 daAuts
     D:4: 337 daAuts
